 Dungeon Crawl Stone Soup version 0.21-a0 (webtiles) character file.

163 tyvek the Skirmisher (level 5, -1/34 HPs)
             Began as a Gargoyle Fighter on May 18, 2017.
             Slain by a gnoll
             ... wielding a +0 halberd
              (2 damage)
             ... on level 3 of the Dungeon.
             The game lasted 00:03:11 (1941 turns).

tyvek the Skirmisher (Gargoyle Fighter)             Turns: 1941, Time: 00:03:12

Health: -1/34      AC: 11    Str: 21    XL:     5   Next: 44%
Magic:  5/5        EV:  7    Int:  8    God:
Gold:   138        SH:  9    Dex:  9    Spells: 4/4 levels left

rFire    . . .     SeeInvis .   a - +0 war axe
rCold    . . .     Gourm    .   c - +0 shield
rNeg     + . .     Faith    .   b - +0 scale mail
rPois    ∞         Spirit   .   (no helmet)
rElec    +         Reflect  .   (no cloak)
rCorr    .         Harm     .   (no gloves)
MR       .....                  (no boots)
Stlth    ..........             (no amulet)
Regen    0.2/turn               (no ring)
MPRegen  0.1/turn               (no ring)

@: no status effects
A: negative energy resistance 1, electricity resistance, unbreathing,
petrification resistance, rot immunity, AC +4
a: no special abilities


You were on level 3 of the Dungeon.
You were not hungry.

You visited 1 branch of the dungeon, and saw 3 of its levels.

You collected 138 gold pieces.


Innate Abilities, Weirdness & Mutations

You are resistant to torment.
Your stone body is resilient. (AC +4)
You are immune to poison.
You resist negative energy. (rN+)
You are resistant to electric shocks. (rElec)
You can survive without breathing.
You are immune to petrification.
You are immune to rotting.


   Skills:
 + Level 4.4 Fighting
 * Level 3.2 Axes
 + Level 3.8 Armour
 + Level 4.2 Shields


You had 4 spell levels left.
You didn't know any spells.

Inventory:

Hand Weapons
 a - a +0 war axe (weapon)
Armour
 b - a +0 scale mail (worn)
 c - a +0 shield (worn)
Scrolls
 e - 4 scrolls of teleportation {unknown}
 g - 2 scrolls of magic mapping {unknown}
 j - 3 scrolls of identify {unknown}
 m - a scroll of immolation {unknown}
 n - 2 scrolls of enchant armour {unknown}
 s - a scroll of recharging {unknown}
 t - a scroll of blinking {unknown}
Potions
 d - a potion of might
 i - a potion of flight {unknown}
 k - 2 potions of agility {unknown}
 o - a potion of heal wounds {unknown}
 r - a potion of curing {unknown}
Books
 q - a book of Misfortune

   Spells                             Type                      Level
   a - Confusing Touch                Hexes                        1
   b - Confuse                        Hexes                        3
   c - Gell's Gravitas                Translocation                3
   d - Petrify                        Transmutation/Earth          4
   e - Metabolic Englaciation         Hexes/Ice                    5
   f - Yara's Violent Unravelling     Hexes/Transmutation          5
Comestibles
 f - 4 bread rations {@e1}
 h - 3 fruits {@e2}
 l - 17 chunks of flesh
 p - 2 royal jellies {@e3}

Dungeon Overview and Level Annotations

Branches:
Dungeon (3/15)

Altars:
Ashenzari

#.# #. #..# #.#.## #.# #. #..#
#....# #.# #.##.....#.... #.#
.##..###....# #.###♣♣ .
§♣♣P..#♣♣. #.♣.P.♣♣ ♣♣.
≈§§♣.PP♣♣♣ .#######.♣..PP### ♣.♣♣
♣§♣♣♣♣....
...........♣.##g##♣.P♣♣♣§.♣P♣.♣♣.
########...P#')|@+#..♣....♣..♣..P
########.##.♣##.##.....♣.P♣♣♣.P♣♣
#........♣.P.♣###.♣.♣.♣..♣♣P.P8..
#.######....♣.♣...♣♣..♣..P...)...
##§..♣♣.♣P...P♣.P♣...8.⌠.8
##§..♣..♣.♣♣..PPP.♣......
#.§..♣.♣.♣.♣♣♣P.♣♣gP.8P♣
..♣.♣♣.♣.♣..♣P♣..♣.♣P♣♣.
#.PP≈...♣....♣..PP♣o.♣...


You could see a gnoll.


Message History

The gnoll hits you but does no damage.
Your shield and scale mail prevent you from hitting the jackal.
The jackal misses you.
The gnoll hits you from afar with a halberd.
* * * LOW HITPOINT WARNING * * *
You block the jackal's attack.
You slash the jackal!
You kill the jackal!
You block the gnoll's attack. The gnoll hits you with a halberd.
* * * LOW HITPOINT WARNING * * *
Things that are here:
a spear; a jackal corpse You block the gnoll's attack.
You see here a short runed staff.
The gnoll closely misses you.
You closely miss the gnoll. The gnoll hits you with a halberd!
* * * LOW HITPOINT WARNING * * *
You closely miss the gnoll. You block the gnoll's attack.
You hit the gnoll.
The gnoll is lightly wounded.
You block the gnoll's attack.
Unknown command.
You barely miss the gnoll.
The gnoll is lightly wounded.
The gnoll hits you but does no damage.
You slash the gnoll!
The gnoll is almost dead.
The gnoll hits you with a halberd.
You die...

Skill      XL: |  1  2  3  4 |
---------------+-------------+-----
Axes           | 2 3 |  3.2
Fighting       | 4 |  4.4
Shields        | 4 |  4.2
Armour         | |  3.8

Action                   |  1- 3 |  4- 6 || total
-------------------------+-------+-------++-------
Melee: War axe           |   118 |    89 ||   207
  Eat: Chunk             |     1 |     3 ||     4
Armor: Scale mail        |    53 |    52 ||   105
Dodge: Dodged            |    46 |    28 ||    74
Block: Shield            |    65 |    47 ||   112

Vault maps used:
D:1:      mrwooster_arrival_statue_2, nicolae_ashenzari_panopticon
D:3:      wad_woods_tower, gammafunk_temple_overflow_elements

Notes
Turn   | Place    | Note
-------+----------+-------------------------------------------
     0 | D:1      | tyvek the Gargoyle Fighter began the quest for the Orb.
     0 | D:1      | Reached XP level 1. HP: 14/14 MP: 1/1
    15 | D:1      | Found a shattered altar of Ashenzari.
   144 | D:1      | Reached skill level 2 in Axes
   154 | D:1      | Reached XP level 2. HP: 14/19 MP: 2/2
   907 | D:2      | Reached XP level 3. HP: 24/24 MP: 3/3
  1247 | D:2      | Reached skill level 4 in Fighting
  1247 | D:2      | Reached XP level 4. HP: 13/29 MP: 4/4
  1291 | D:2      | HP: 2/29 [gnoll/spear (2)]
  1297 | D:2      | Reached skill level 4 in Shields
  1810 | D:3      | Reached skill level 3 in Axes
  1810 | D:3      | Reached XP level 5. HP: 23/34 MP: 5/5
  1937 | D:3      | HP: 1/34 [gnoll/halberd (9)]
  1941 | D:3      | Slain by a gnoll

Vanquished Creatures
  An orc priest (D:3)
  4 gnolls
  3 adders (D:2)
  A leopard gecko (D:1)
  5 orcs (D:3)
  7 bats
  4 giant cockroaches
  2 goblins
  7 hobgoblins
  3 jackals (D:3)
  3 quokkas (D:3)
  5 frilled lizards
  9 kobolds
  9 rats
63 creatures vanquished.

Vanquished Creatures (others)
  A plant (D:3)
1 creature vanquished.

Grand Total: 64 creatures vanquished
